[Event "Targo Mures Open 2019"]
[Site "Targo Mures"]
[Date "2019.10.17"]
[Round "1.2"]
[White "Manolache, Marius"]
[Black "Marza, Teodor-Ioan"]
[Result "1-0"]
[ECO "A45"]
[WhiteElo "2548"]
[BlackElo "1324"]
[Annotator "ChessBase"]
[PlyCount "25"]
[EventDate "2019.03.02"]
[EventType "swiss"]
[EventCountry "ROU"]
[SourceTitle "playchess.com"]
[Source "ChessBase"]
[SourceQuality "1"]
[TimeControl "5400+30"]

1. d4 Nf6 2. Bg5 Ne4 3. Bf4 g6 4. f3 Nf6 5. e4 Bg7 6. Nc3 O-O 7. Qd2 d6 8. O-O-O c6 9. Bh6 Nbd7 10. h4 Nb6 11. h5 Nxh5 12. Rxh5 gxh5 13. Qg5 1-0

[Event "Targo Mures Open 2019"]
[Site "Targo Mures"]
[Date "2019.10.17"]
[Round "1.3"]
[White "Kumar, Ambar-David"]
[Black "Jianu, Vlad-Cristian"]
[Result "0-1"]
[ECO "B24"]
[WhiteElo "1242"]
[BlackElo "2529"]
[Annotator "ChessBase"]
[PlyCount "70"]
[EventDate "2019.03.02"]
[EventType "swiss"]
[EventCountry "ROU"]
[SourceTitle "playchess.com"]
[Source "ChessBase"]
[SourceQuality "1"]
[TimeControl "5400+30"]

1. e4 c5 2. Nc3 Nc6 3. Nf3 g6 4. Bc4 Bg7 5. d3 d6 6. h3 Nf6 7. a3 O-O 8. Be3 e6 9. Bb3 b6 10. Ba4 Bb7 11. Rb1 d5 12. Bf4 dxe4 13. dxe4 Nd4 14. Nxd4 cxd4 15. Nb5 Nxe4 16. O-O e5 17. Bh2 a6 18. Nxd4 exd4 19. Re1 Qg5 20. Qg4 Qxg4 21. hxg4 Nc5 22. Bb3 Nxb3 23. cxb3 Rfe8 24. Red1 Bd5 25. b4 Re2 26. Bc7 Bb3 27. Rf1 b5 28. Bb6 d3 29. g3 d2 30. Kg2 Rae8 31. Be3 R8xe3 32. Kh3 Rd3 33. g5 Be5 34. f4 Be6+ 35. Kh4 Rh2# 0-1

[Event "Targo Mures Open 2019"]
[Site "Targo Mures"]
[Date "2019.10.17"]
[Round "1.5"]
[White "Malutan, Andrada"]
[Black "Filip, Lucian-Ioan"]
[Result "0-1"]
[ECO "B43"]
[WhiteElo "1170"]
[BlackElo "2418"]
[Annotator "RC"]
[PlyCount "40"]
[EventDate "2019.03.02"]
[EventType "swiss"]
[EventCountry "ROU"]
[SourceTitle "playchess.com"]
[Source "ChessBase"]
[SourceQuality "1"]
[TimeControl "5400+30"]

1. e4 c5 2. Nf3 e6 3. Nc3 a6 4. d4 cxd4 5. Nxd4 Qc7 6. Bd2 Nc6 7. Nb3 Nf6 8. Qf3 b5 9. O-O-O Ne5 10. Bf4 b4 11. Na4 Bb7 12. Qg3 Rc8 13. Rd2 Nxe4 14. Bxe5 d6 15. Qd3 dxe5 16. Re2 Rd8 17. Qe3 Be7 18. Kb1 Bg5 19. Qb6 Rd1+ 20. Nc1 Rxc1# 0-1

[Event "Targo Mures Open 2019"]
[Site "Targo Mures"]
[Date "2019.10.17"]
[Round "1.6"]
[White "Soltanici, Ruslan"]
[Black "Kumar, Amrit-Darius"]
[Result "1-0"]
[ECO "C62"]
[WhiteElo "2416"]
[BlackElo "1136"]
[Annotator "RC"]
[PlyCount "47"]
[EventDate "2019.03.02"]
[EventType "swiss"]
[EventCountry "ROU"]
[SourceTitle "playchess.com"]
[Source "ChessBase"]
[SourceQuality "1"]
[TimeControl "5400+30"]

1. e4 e5 2. Nf3 Nc6 3. Bb5 d6 4. d4 exd4 5. Nxd4 Bd7 6. Bxc6 Bxc6 7. Nc3 h6 8. O-O Bd7 9. Re1 c6 10. Bf4 Qf6 11. Nf5 Bxf5 12. exf5+ Kd7 13. Ne4 Qxf5 14. Bxd6 Qd5 15. Bxf8 Rxf8 16. Qg4+ Kc7 17. Rad1 f5 18. Qf4+ Kb6 19. Rxd5 cxd5 20. Qd6+ Ka5 21. Qc5+ b5 22. Qxa7+ Kb4 23. a3+ Kc4 24. b3# 1-0

[Event "Targo Mures Open 2019"]
[Site "Targo Mures"]
[Date "2019.10.17"]
[Round "1.10"]
[White "Manea, Alexandru"]
[Black "Elekes, Luca-Alexandru"]
[Result "1-0"]
[ECO "D00"]
[WhiteElo "2305"]
[BlackElo "1038"]
[Annotator "RC"]
[PlyCount "117"]
[EventDate "2019.03.02"]
[EventType "swiss"]
[EventCountry "ROU"]
[SourceTitle "playchess.com"]
[Source "ChessBase"]
[SourceQuality "1"]
[TimeControl "5400+30"]

1. d4 d5 2. Bg5 Nc6 3. Nf3 Bf5 4. e3 Nb4 5. Na3 f6 6. Bf4 g5 7. Bg3 Qd7 8. Bb5 c6 9. Be2 O-O-O 10. c3 Na6 11. Qa4 e6 12. Nd2 Bd6 13. Bxa6 Bxg3 14. hxg3 bxa6 15. Qxa6+ Qb7 16. Qxb7+ Kxb7 17. Nb3 Be4 18. Nc5+ Kb6 19. f3 Bf5 20. Kd2 Rd6 21. Nc2 Ne7 22. Rh6 Bg6 23. Rah1 Rg8 24. g4 f5 25. Ne1 fxg4 26. fxg4 Rg7 27. Nf3 Ng8 28. R6h3 h6 29. Ne5 Be4 30. Nxe4 dxe4 31. Nc4+ Kc7 32. Nxd6 Kxd6 33. Rf1 Rg6 34. Rf7 Nf6 35. Rg3 h5 36. gxh5 Nxh5 37. Rh3 Rf6 38. Rxf6 Nxf6 39. Rh6 Ng8 40. Rg6 Ne7 41. Rxg5 Nd5 42. Rg7 a6 43. g4 e5 44. Rg6+ Kd7 45. dxe5 Ne7 46. Rd6+ Kc7 47. g5 Nf5 48. g6 Ng7 49. b4 Nh5 50. c4 Ng7 51. c5 Nh5 52. e6 Nf6 53. e7 Kc8 54. Rxc6+ Kd7 55. Rxf6 Kxe7 56. Rf7+ Ke8 57. c6 Kd8 58. g7 Ke8 59. g8=Q# 1-0

[Event "Targo Mures Open 2019"]
[Site "Targo Mures"]
[Date "2019.10.18"]
[Round "2.12"]
[White "Iuga, Ioan-Alexandru"]
[Black "Daianu, Cristian-Clement"]
[Result "0-1"]
[ECO "B94"]
[WhiteElo "1574"]
[BlackElo "2206"]
[Annotator "RC"]
[PlyCount "74"]
[EventDate "2019.03.02"]
[EventType "swiss"]
[EventCountry "ROU"]
[SourceTitle "playchess.com"]
[Source "ChessBase"]
[SourceQuality "1"]
[TimeControl "5400+30"]

1. e4 c5 2. Nf3 d6 3. d4 cxd4 4. Nxd4 Nf6 5. Nc3 a6 6. Bg5 Nbd7 7. f4 Qc7 8. Qf3 e5 9. Nb3 h6 10. Bxf6 Nxf6 11. fxe5 dxe5 12. h3 Bb4 13. O-O-O Bxc3 14. bxc3 Be6 15. Kb2 Rc8 16. Be2 Qc6 17. Rhe1 O-O 18. Qe3 Nxe4 19. Bf3 Qxc3+ 20. Qxc3 Nxc3 21. Rd3 Na4+ 22. Kb1 Bf5 23. Rd2 Rfe8 24. Bxb7 Rc7 25. Bf3 f6 26. Bd5+ Kf8 27. g4 Nc3+ 28. Kb2 Bxc2 29. Rxc2 Nxd5 30. Rxc7 Nxc7 31. Rc1 Re7 32. Rc6 e4 33. Nd4 e3 34. Rxc7 Rxc7 35. Ne6+ Kf7 36. Nxc7 e2 37. Nxa6 e1=Q 0-1

[Event "Targo Mures Open 2019"]
[Site "Targo Mures"]
[Date "2019.10.18"]
[Round "3.1"]
[White "Manea, Alexandru"]
[Black "Istratescu, Andrei"]
[Result "0-1"]
[ECO "B08"]
[WhiteElo "2305"]
[BlackElo "2564"]
[Annotator "ChessBase"]
[PlyCount "117"]
[EventDate "2019.03.02"]
[EventType "swiss"]
[EventCountry "ROU"]
[SourceTitle "playchess.com"]
[Source "ChessBase"]
[SourceQuality "1"]
[TimeControl "5400+30"]

1. d4 d6 2. Nf3 g6 3. e4 Nf6 4. Nc3 Bg7 5. Be3 a6 6. h3 O-O 7. Bd3 c6 8. Qd2 b5 9. Bh6 Qc7 10. Qg5 b4 11. Ne2 c5 12. dxc5 Qxc5 13. Qxc5 dxc5 14. Bxg7 Kxg7 15. e5 Nd5 16. Be4 Bb7 17. O-O-O e6 18. Nd2 Nd7 19. Nc4 Rab8 20. Rd2 N5b6 21. Bxb7 Rxb7 22. Nxb6 Nxb6 23. b3 a5 24. c4 bxc3 25. Nxc3 c4 26. Rb2 cxb3 27. Rxb3 Rc7 28. Rxb6 Rxc3+ 29. Kb1 Rfc8 30. Rb3 R3c5 31. Re1 a4 32. Rb2 a3 33. Rb3 Rc2 34. Rf1 Re2 35. Rxa3 Rxe5 36. Rb3 h5 37. a3 h4 38. Rc1 Ra8 39. Rc4 Rg5 40. Rg4 Rxg4 41. hxg4 Ra4 42. f3 e5 43. Re3 e4 44. fxe4 Kh6 45. Kb2 Kg5 46. Kb3 Ra7 47. a4 Kxg4 48. Rf3 g5 49. e5 Ra5 50. Rxf7 Rxe5 51. Rf2 Kg3 52. Ra2 g4 53. Kb4 h3 54. gxh3 gxh3 55. a5 h2 56. Rxh2 Kxh2 57. a6 Re6 58. Kb5 Rxa6 59. Kxa6 0-1

[Event "Targo Mures Open 2019"]
[Site "Targo Mures"]
[Date "2019.10.18"]
[Round "3.2"]
[White "Manolache, Marius"]
[Black "Petre, Nad-Titus"]
[Result "1-0"]
[ECO "A45"]
[WhiteElo "2548"]
[BlackElo "2306"]
[Annotator "ChessBase"]
[PlyCount "87"]
[EventDate "2019.03.02"]
[EventType "swiss"]
[EventCountry "ROU"]
[SourceTitle "playchess.com"]
[Source "ChessBase"]
[SourceQuality "1"]
[TimeControl "5400+30"]

1. d4 Nf6 2. Bf4 b6 3. Nc3 Bb7 4. e3 e6 5. a3 Be7 6. Nf3 O-O 7. Bd3 c5 8. Ng5 d6 9. Qe2 Nbd7 10. Rd1 a6 11. dxc5 Nxc5 12. e4 e5 13. Bc1 h6 14. Nf3 Qc8 15. O-O Bc6 16. b4 Nxd3 17. cxd3 Bd7 18. Bb2 Bg4 19. h3 Bh5 20. Qe3 b5 21. d4 exd4 22. Rxd4 Re8 23. Nh4 Qe6 24. Nf5 Bf8 25. Qf4 Rad8 26. g4 Bg6 27. Rfd1 Qb3 28. R1d2 Rc8 29. R4d3 Qc4 30. Ne3 Qe6 31. f3 Nd7 32. Ncd5 Ne5 33. Rc3 Rxc3 34. Bxc3 Rc8 35. Nf5 f6 36. Kg2 Bf7 37. Bd4 Kh7 38. Re2 Rc4 39. Qd2 Rc6 40. f4 Nc4 41. Qd3 Bg6 42. Nxg7 Qxd5 43. exd5 Bxd3 44. dxc6 1-0

[Event "Targo Mures Open 2019"]
[Site "Targo Mures"]
[Date "2019.10.18"]
[Round "3.3"]
[White "Daianu, Cristian-Clement"]
[Black "Jianu, Vlad-Cristian"]
[Result "0-1"]
[ECO "B33"]
[WhiteElo "2206"]
[BlackElo "2529"]
[Annotator "ChessBase"]
[PlyCount "98"]
[EventDate "2019.03.02"]
[EventType "swiss"]
[EventCountry "ROU"]
[SourceTitle "playchess.com"]
[Source "ChessBase"]
[SourceQuality "1"]
[TimeControl "5400+30"]

1. e4 c5 2. Nf3 Nc6 3. d4 cxd4 4. Nxd4 Nf6 5. Nc3 e5 6. Ndb5 d6 7. Bg5 a6 8. Na3 b5 9. Bxf6 gxf6 10. Nd5 f5 11. c3 Bg7 12. exf5 Bxf5 13. Nc2 O-O 14. Nce3 Be6 15. g3 f5 16. Qh5 Ra7 17. Bg2 Kh8 18. O-O Raf7 19. Rad1 Ne7 20. Rd2 Ng6 21. Rfd1 e4 22. Nb4 Be5 23. Nc6 Qc8 24. Nxe5 dxe5 25. Qg5 f4 26. Rd8 Qc7 27. Rxf8+ Rxf8 28. Ng4 e3 29. fxe3 Qb6 30. gxf4 Bxg4 31. Qxg4 Qxe3+ 32. Kh1 exf4 33. Qf3 Re8 34. Qc6 Kg7 35. h3 Re6 36. Qd5 Kh6 37. Bf3 Re5 38. Qc6 Qf2 39. Bg2 Qxb2 40. Rf1 Re2 41. h4 Rf2 42. h5 Rxf1+ 43. Bxf1 Qf2 44. Bg2 Kxh5 45. Qxa6 Qe1+ 46. Kh2 Qg3+ 47. Kh1 f3 48. Qxb5+ Kh6 49. Bf1 f2 0-1

[Event "Targo Mures Open 2019"]
[Site "Targo Mures"]
[Date "2019.10.18"]
[Round "3.4"]
[White "Anton, Teodor"]
[Black "Ognean, Mihnea-Ionut"]
[Result "1/2-1/2"]
[ECO "E04"]
[WhiteElo "2445"]
[BlackElo "2285"]
[Annotator "NA"]
[PlyCount "89"]
[EventDate "2019.03.02"]
[EventType "swiss"]
[EventCountry "ROU"]
[SourceTitle "playchess.com"]
[Source "ChessBase"]
[SourceQuality "1"]
[TimeControl "5400+30"]

1. d4 Nf6 2. Nf3 e6 3. c4 d5 4. g3 dxc4 5. Bg2 c5 6. O-O Nc6 7. Qa4 Bd7 8. dxc5 Na5 9. Qc2 Bxc5 10. Ne5 Rc8 11. Nxd7 Nxd7 12. Bd2 O-O 13. Nc3 a6 14. Ne4 b5 15. Rad1 Nc6 $11 16. Bc3 Nb4 17. Qd2 Nd5 18. Nxc5 Rxc5 19. Ba5 c3 20. Bxd8 cxd2 21. Bg5 Nc3 22. bxc3 Rxg5 23. Rxd2 Nb8 24. Rd6 Rc5 25. Rc1 g5 26. a3 Kg7 27. Bb7 a5 28. Be4 Rfc8 29. Bd3 b4 30. axb4 axb4 31. c4 Nc6 32. Rb1 Rb8 33. f4 gxf4 34. gxf4 b3 35. Kf2 b2 36. Ke3 Kf6 37. Rd7 Rh5 38. Rc7 Ne7 39. Ra7 Rh3+ 40. Kd2 Rxh2 41. Ra2 Ng6 42. f5 Ne5 43. fxe6 fxe6 44. Raxb2 Rxb2+ 45. Rxb2 1/2-1/2

[Event "Targo Mures Open 2019"]
[Site "Targo Mures"]
[Date "2019.10.18"]
[Round "3.5"]
[White "Rusan, Paul-Cristian"]
[Black "Filip, Lucian-Ioan"]
[Result "0-1"]
[ECO "B30"]
[WhiteElo "2105"]
[BlackElo "2418"]
[Annotator "NA"]
[PlyCount "86"]
[EventDate "2019.03.02"]
[EventType "swiss"]
[EventCountry "ROU"]
[SourceTitle "playchess.com"]
[Source "ChessBase"]
[SourceQuality "1"]
[TimeControl "5400+30"]

1. e4 c5 2. Nf3 Nc6 3. Bb5 Nf6 4. Nc3 Qc7 5. O-O Nd4 6. d3 a6 7. Bc4 e6 8. Nxd4 cxd4 9. Ne2 Nxe4 10. Bf4 Nd6 $11 11. Bb3 Qc5 12. c3 dxc3 13. bxc3 Be7 14. d4 Qh5 15. f3 b5 16. a4 Bb7 17. axb5 axb5 18. Rxa8+ Bxa8 19. Qa1 O-O 20. Re1 Nc4 21. Qa7 Qd5 22. Ng3 Bb7 23. Re5 Qc6 24. Nf5 Bf6 25. Rc5 Ra8 26. Rxc6 Rxa7 27. Rc7 exf5 28. Rxd7 g5 29. Bb8 Ra1+ 30. Kf2 Rb1 31. Rxb7 Rxb3 32. d5 Rb2+ 33. Ke1 Bxc3+ 34. Kd1 Ne3+ 35. Kc1 Rxg2 36. Kb1 Rb2+ 37. Kc1 Rd2 38. Kb1 Rxd5 39. Ba7 f4 40. Ka2 b4 41. Kb3 Ra5 42. Bxe3 fxe3 43. Re7 Re5 0-1

[Event "Targo Mures Open 2019"]
[Site "Targo Mures"]
[Date "2019.10.18"]
[Round "3.6"]
[White "Soltanici, Ruslan"]
[Black "Titu, Maiorescu-Dorin"]
[Result "1-0"]
[ECO "B01"]
[WhiteElo "2416"]
[BlackElo "2147"]
[Annotator "NA RC"]
[PlyCount "103"]
[EventDate "2019.03.02"]
[EventType "swiss"]
[EventCountry "ROU"]
[SourceTitle "playchess.com"]
[Source "ChessBase"]
[SourceQuality "1"]
[TimeControl "5400+30"]

1. e4 d5 2. exd5 Nf6 3. d4 Nxd5 4. c4 Nb6 5. Nf3 g6 6. Nc3 Bg7 7. c5 Nd5 8. Bc4 Nxc3 9. bxc3 O-O 10. O-O Nc6 11. Re1 Na5 12. Bf1 b6 13. Ba3 Bf6 14. Ne5 Be6 $16 15. Qc2 c6 16. Bb4 Bxe5 17. Rxe5 b5 18. Bxa5 Qxa5 19. g3 Qc7 20. Rae1 Rad8 21. Bg2 Qd7 22. h4 Rde8 23. a4 Bc4 24. axb5 cxb5 25. Ra1 f6 26. Re3 e6 27. Ra6 Qc7 28. Re1 Re7 29. Rea1 Qb8 30. Qb2 Kg7 31. Qb4 Rff7 32. Rd6 e5 33. Bd5 Bxd5 34. Rxd5 exd4 35. cxd4 Qb7 36. Qb3 Re2 37. Rd6 Qe4 38. Qd5 Qg4 39. c6 Rfe7 40. Rd7 Kh6 41. Rxe7 Rxe7 42. Qd6 Re6 43. Qf8+ Kh5 44. Qc5+ Kh6 45. c7 Re8 46. d5 b4 47. Rc1 Rc8 48. d6 b3 49. Qe3+ Kg7 50. Qxb3 Qd7 51. Qb8 a5 52. Qxc8 1-0

[Event "Targo Mures Open 2019"]
[Site "Targo Mures"]
[Date "2019.10.18"]
[Round "3.7"]
[White "Botea, David-Alexandru"]
[Black "Vasiesiu, Dan"]
[Result "0-1"]
[ECO "B90"]
[WhiteElo "1958"]
[BlackElo "2392"]
[Annotator "NA"]
[PlyCount "88"]
[EventDate "2019.03.02"]
[EventType "swiss"]
[EventCountry "ROU"]
[SourceTitle "playchess.com"]
[Source "ChessBase"]
[SourceQuality "1"]
[TimeControl "5400+30"]

1. e4 c5 2. Nf3 d6 3. d4 cxd4 4. Nxd4 Nf6 5. Nc3 a6 6. Be3 e5 7. Nb3 Be6 8. f3 h5 9. Nd5 {[%emt 0:00:29] B90: Sicilian Najdorf: Unusual White 6th moves, 6 Be3 Ng4 and 6 Be3 e5} Bxd5 10. exd5 Nbd7 11. Qd2 g6 12. Be2 Bg7 13. O-O b6 {[%emt 0:03:36] [#]} 14. Rac1 $146 ({Predecessor:} 14. c4 O-O {0-1 (42) Vocaturo,D (2570)-Areshchenko,A (2661) Germany 2015}) 14... O-O 15. c4 Re8 16. Na1 e4 17. f4 Ng4 18. Bxg4 hxg4 19. b3 Qh4 20. Nc2 Nc5 21. g3 Qh8 22. Nb4 f5 23. Nc6 Nd3 $11 24. Rc2 b5 25. Qa5 b4 26. Qc7 Bf8 27. Bd4 Qh7 28. Qxh7+ Kxh7 29. Bb6 a5 30. Bxa5 Ra6 31. Rd2 Rea8 32. Bxb4 Rxc6 33. dxc6 Nxb4 34. c7 Rc8 35. a3 Nd3 36. Rxd3 exd3 37. Rd1 Rxc7 38. Rxd3 Kg8 39. Kf1 Kf7 40. Ke2 Ke6 41. Kd1 Rc5 42. Kc2 d5 43. Kc3 dxc4 44. bxc4 Ra5 0-1

[Event "Targo Mures Open 2019"]
[Site "Targo Mures"]
[Date "2019.10.18"]
[Round "3.8"]
[White "Banzea, Alexandru-Bogdan"]
[Black "Filip, Andrei"]
[Result "1-0"]
[ECO "B40"]
[WhiteElo "2389"]
[BlackElo "2047"]
[Annotator "NA"]
[PlyCount "47"]
[EventDate "2019.03.02"]
[EventType "swiss"]
[EventCountry "ROU"]
[SourceTitle "playchess.com"]
[Source "ChessBase"]
[SourceQuality "1"]
[TimeControl "5400+30"]

1. e4 c5 2. Nf3 e6 3. g3 Nc6 4. Bg2 g6 5. d4 cxd4 6. Nxd4 a6 7. O-O Bg7 8. Nxc6 dxc6 9. Qe2 Ne7 10. Nd2 O-O 11. a4 a5 12. e5 b6 13. Re1 Ba6 14. Qe4 Qc7 15. Nf3 $11 Rad8 16. h4 h5 17. g4 hxg4 18. Qxg4 Nf5 19. h5 gxh5 20. Qxh5 Nd4 21. Ng5 Rfe8 22. Bf4 c5 23. Ra3 Bb7 24. Ne4 1-0

[Event "Targo Mures Open 2019"]
[Site "Targo Mures"]
[Date "2019.10.18"]
[Round "3.9"]
[White "Paraschiv, Paul-Alexandru"]
[Black "Vladescu, Alin-Cristian"]
[Result "1-0"]
[ECO "A43"]
[WhiteElo "2023"]
[BlackElo "2004"]
[Annotator "NA"]
[PlyCount "55"]
[EventDate "2019.03.02"]
[EventType "swiss"]
[EventCountry "ROU"]
[SourceTitle "playchess.com"]
[Source "ChessBase"]
[SourceQuality "1"]
[TimeControl "5400+30"]

1. d4 c5 2. d5 Nf6 3. c4 d6 4. Nc3 g6 5. e4 Bg7 6. Bd3 O-O 7. Nge2 e6 8. O-O e5 {[%emt 0:04:35] E70: King's Indian: Miscellaneous lines with 4 e4, including 5 Nge2 and 5 Bd3 0-0 6 Nge2} (8... exd5 9. cxd5 a6 10. a4 Re8 11. Ng3 b6 12. h3 Ra7 13. Bg5 h6 14. Bd2 Nh7 15. f4 h5 16. Kh1 h4 17. Nge2 Nd7 18. Be1 Rc7 {½-½ (75) Jumabayev,R (2605)-Amonatov,F (2615) Batumi 2018}) 9. Ng3 a6 10. a4 h6 $146 ({Predecessor:} 10... Nbd7 11. Be3 h5 12. Bg5 Qe8 13. h3 Nh7 14. Bd2 Qe7 15. a5 Qh4 16. Na4 {0-1 (73) Koerholz,L (2335)-Levacic,P (2350) Cannes 1996}) 11. Bd2 Nbd7 12. a5 Ne8 13. Na4 Kh7 14. b4 Bf6 15. bxc5 dxc5 16. Qc1 h5 17. Rb1 Qc7 18. Nb6 Rb8 19. Nxd7 $18 Bxd7 20. Rb6 Nd6 21. f4 Rbe8 22. fxe5 Bxe5 23. Bh6 Rg8 24. Bf4 h4 25. Bxe5 Rxe5 26. Qf4 Rge8 27. Qxh4+ Kg8 28. Qf6 1-0

[Event "Targo Mures Open 2019"]
[Site "Targo Mures"]
[Date "2019.10.18"]
[Round "3.10"]
[White "Szilveszter, Sandor"]
[Black "Stegariu, Alexandru"]
[Result "0-1"]
[ECO "B42"]
[WhiteElo "1672"]
[BlackElo "2146"]
[Annotator "NA"]
[PlyCount "102"]
[EventDate "2019.03.02"]
[EventType "swiss"]
[EventCountry "ROU"]
[SourceTitle "playchess.com"]
[Source "ChessBase"]
[SourceQuality "1"]
[TimeControl "5400+30"]

1. e4 c5 2. Nf3 e6 3. d4 cxd4 4. Nxd4 a6 5. Bd3 Bc5 6. Nb3 Ba7 7. O-O Ne7 8. Bg5 {[%emt 0:01:11] B42: Sicilian: Kan Variation: 5 Bd3} (8. Qe2 Nbc6 9. Be3 O-O 10. Bxa7 Rxa7 11. c4 d5 12. exd5 exd5 13. Nc3 d4 14. Ne4 Ng6 15. f4 f5 16. Ng3 b6 17. Rad1 {1-0 (46) Jakovenko,D (2735)-Artemiev,V (2704) Poikovsky 2018}) 8... d6 9. Nc3 Nbc6 $146 ({Predecessor:} 9... h6 10. Bh4 O-O 11. Qd2 Nbc6 12. Rad1 Qc7 13. Kh1 b5 14. a3 d5 15. exd5 exd5 {1-0 (69) Langers,A (1734)-Schoettler,K (1575) Dortmund 2005}) 10. Kh1 e5 11. f4 f6 12. Bh4 exf4 13. Qh5+ Ng6 14. e5 Ncxe5 15. Bxg6+ Nxg6 16. Rae1+ Be3 17. Rxf4 O-O 18. Qd5+ Kh8 19. Re4 Ba7 20. Bg3 Ne5 21. Bxe5 dxe5 22. Qc4 Bf5 23. R4e2 Qe7 24. Nd5 Qf7 25. Ne3 Bxe3 26. Qxf7 Rxf7 27. Rxe3 Bxc2 28. Nc5 b6 29. Nd3 Rd7 30. Nb4 Bf5 31. a3 a5 32. Na2 Rd2 33. R3e2 Rad8 34. h3 b5 35. b4 axb4 36. Nxb4 h5 37. Nc6 $19 Rxe2 38. Rxe2 Rd3 39. Na7 Bd7 40. Rb2 b4 41. Rxb4 Rxa3 42. Rb7 Rd3 43. Kg1 Kh7 44. Kf2 Kg6 45. Rc7 Kf5 46. Nc8 Bxc8 47. Rxc8 Rd2+ 48. Kf3 h4 49. g4+ hxg3 50. Kxg3 Rd3+ 51. Kg2 Kf4 0-1

[Event "Targo Mures Open 2019"]
[Site "Targo Mures"]
[Date "2019.10.18"]
[Round "3.11"]
[White "Capota, Radu-Mircea"]
[Black "Rosca, Vasile-Benone"]
[Result "0-1"]
[ECO "B22"]
[WhiteElo "1601"]
[BlackElo "2017"]
[Annotator "NA"]
[PlyCount "54"]
[EventDate "2019.03.02"]
[EventType "swiss"]
[EventCountry "ROU"]
[SourceTitle "playchess.com"]
[Source "ChessBase"]
[SourceQuality "1"]
[TimeControl "5400+30"]

1. e4 c5 2. c3 d5 3. e5 Bf5 4. d4 e6 5. Bd3 (5. f4 Nc6 6. Nf3 h5 7. Bd3 Nh6 8. O-O Qb6 9. dxc5 Bxc5+ 10. Kh1 Bxd3 11. Qxd3 Ng4 {½-½ (42) Dimitrov,P (2323)-Tilicheev,V (2415) Sunny Beach 2013}) 5... Bxd3 6. Qxd3 {[%emt 0:00:09] B22: Sicilian: 2 c3} Nc6 7. Ne2 Nge7 8. Bg5 Qb6 9. Nd2 $146 ({Predecessor:} 9. Bxe7 Bxe7 10. Qd2 O-O 11. O-O Rac8 12. b3 Rc7 13. Qb2 Rfc8 14. Rc1 cxd4 15. cxd4 Nxd4 16. Rxc7 Qxc7 17. Nbc3 Qxe5 {0-1 (18) Detko,J (2100)-Buchnicek,P (2270) Presov 1997}) 9... cxd4 10. cxd4 Nf5 11. Be3 Bb4 12. O-O Bxd2 13. Qxd2 Rc8 14. Rac1 O-O 15. a3 Na5 16. Rxc8 Rxc8 17. Rc1 Rxc1+ 18. Qxc1 Nc4 19. b4 Qa6 20. Bg5 h6 21. Bd8 Nxe5 22. Qc2 $19 (22. b5 {might work better.} Qxb5 23. Nc3) 22... Nc6 23. Bc7 Nfxd4 24. Nxd4 Nxd4 25. Qb2 Ne2+ 26. Kh1 Qd3 27. Qa1 f6 0-1

[Event "Targo Mures Open 2019"]
[Site "Targo Mures"]
[Date "2019.10.18"]
[Round "3.12"]
[White "Velcherean, Vasile-Adrian"]
[Black "Jakab, Nandor"]
[Result "1-0"]
[ECO "A45"]
[WhiteElo "1925"]
[BlackElo "1800"]
[Annotator "NA"]
[PlyCount "77"]
[EventDate "2019.03.02"]
[EventType "swiss"]
[EventCountry "ROU"]
[SourceTitle "playchess.com"]
[Source "ChessBase"]
[SourceQuality "1"]
[TimeControl "5400+30"]

1. d4 Nf6 2. g3 d5 3. Bg2 g6 4. Nc3 (4. c4 c6 5. Qa4 Nfd7 6. cxd5 Nb6 7. Qb3 cxd5 8. Nc3 Nc6 9. e3 e6 10. Nge2 Bg7 11. a4 O-O 12. h4 Qe7 {1-0 (57) Adly,A (2625)-Gupta,A (2619) Mansa 2017}) 4... Bg7 5. Bg5 c6 6. Qd2 {[%emt 0:01:06] D00: 1 d4 d5: Unusual lines} Bf5 7. f3 Nbd7 $146 ({Predecessor:} 7... h6 8. Bf4 g5 9. Be3 Nbd7 10. g4 Bg6 11. h4 gxh4 {½-½ (26) Yuzhakov,O (2339)-Matveev,V (2333) Kurgan 2010}) 8. e4 dxe4 9. fxe4 Be6 10. Nge2 Nb6 11. b3 Bg4 12. a4 a5 13. O-O O-O 14. h3 Bxe2 15. Nxe2 Qc7 16. Bf4 Qd7 17. Rad1 Nh5 18. Be3 Qc7 19. g4 Nf6 $18 20. Bf4 Qd7 21. c4 Rfd8 22. Qe3 Nc8 23. e5 Ne8 24. d5 c5 25. Qxc5 Ra6 26. Nc3 Nb6 27. Qe3 Qc8 28. Ne4 Nd7 29. Ng5 Nc5 30. Ne4 Nxe4 31. Bxe4 Nc7 32. Qf3 Rb6 33. c5 Rb4 34. Bd2 Rd4 35. Bxa5 Bxe5 36. Qxf7+ Kh8 37. Bg2 Qd7 38. Bc3 Rxd5 39. Bxe5+ 1-0

[Event "Targo Mures Open 2019"]
[Site "Targo Mures"]
[Date "2019.10.19"]
[Round "4.3"]
[White "Filip, Lucian-Ioan"]
[Black "Banzea, Alexandru-Bogdan"]
[Result "1/2-1/2"]
[ECO "E10"]
[WhiteElo "2418"]
[BlackElo "2389"]
[Annotator "RC"]
[PlyCount "80"]
[EventDate "2019.03.02"]
[EventType "swiss"]
[EventCountry "ROU"]
[SourceTitle "playchess.com"]
[Source "ChessBase"]
[SourceQuality "1"]
[TimeControl "5400+30"]

1. d4 Nf6 2. c4 e6 3. Nf3 d5 4. g3 Bb4+ 5. Bd2 Bd6 6. Bg2 c6 7. Qc2 Nbd7 8. O-O O-O 9. Rd1 Ne4 10. Nc3 f5 11. Nxe4 fxe4 12. Ng5 Nf6 13. f3 exf3 14. exf3 h6 15. Nh3 e5 16. dxe5 Bxe5 17. Nf4 Re8 18. cxd5 Bxf4 19. Bxf4 Nxd5 20. Bd2 Qb6+ 21. Kh1 Ne3 22. Qg6 Bf5 23. Bxe3 Bxg6 24. Bxb6 axb6 25. Bf1 Bf7 26. Rd7 Rxa2 27. Rxa2 Bxa2 28. Rxb7 b5 29. Kg2 Bd5 30. Rd7 Rf8 31. Be2 Ra8 32. Bxb5 Rb8 33. Be2 Rxb2 34. Kf1 Kf8 35. h4 Rb8 36. Kf2 Re8 37. Bd3 Re7 38. Rxe7 Kxe7 39. Ke3 Kd6 40. f4 Ke6 1/2-1/2

[Event "Targo Mures Open 2019"]
[Site "Targo Mures"]
[Date "2019.10.19"]
[Round "5.1"]
[White "Manolache, Marius"]
[Black "Jianu, Vlad-Cristian"]
[Result "1/2-1/2"]
[ECO "E06"]
[WhiteElo "2548"]
[BlackElo "2529"]
[Annotator "ChessBase"]
[PlyCount "76"]
[EventDate "2019.03.02"]
[EventType "swiss"]
[EventCountry "ROU"]
[SourceTitle "playchess.com"]
[Source "ChessBase"]
[SourceQuality "1"]
[TimeControl "5400+30"]

1. d4 e6 2. Nf3 Nf6 3. g3 d5 4. c4 Be7 5. Bg2 O-O 6. O-O dxc4 7. Qc2 a6 8. Bg5 b5 9. Bxf6 Bxf6 10. Rd1 Bb7 11. Ng5 Bxg5 12. Bxb7 Ra7 13. Be4 f5 14. Bg2 c6 15. e3 Rd7 16. Nd2 Bf6 17. Nf3 Qc7 18. b3 c5 19. bxc4 cxd4 20. Nxd4 Qxc4 21. Qxc4 bxc4 22. Rac1 Rfd8 23. Re1 Bxd4 24. exd4 Kf7 25. Rxc4 Rxd4 26. Rc7+ R4d7 27. Rcc1 Rd6 28. Rc7+ Kf6 29. Ra7 R8d7 30. Ra8 Rb6 31. Bf1 Rc7 32. a4 Rb4 33. a5 Rc5 34. Bxa6 Rxa5 35. Rxe6+ Kxe6 36. Bc8+ Kf6 37. Rxa5 g6 38. Rd5 Rb6 1/2-1/2